 Dungeon Crawl Stone Soup version 0.29.0-11-gd7f09526c8 (webtiles) character file.

Game seed: 11397012640886856228

596 gelatine the Shooter (level 7, 0/52 HPs)
             Began as a Demonspawn Hunter on Sept 3, 2022.
             Was a Believer of Qazlal.
             Slain by Pikel
             ... wielding a +1 whip of electrocution
              (12 damage)
             ... on level 4 of the Dungeon.
             The game lasted 00:08:14 (4052 turns).

gelatine the Shooter (Demonspawn Hunter)            Turns: 4052, Time: 00:08:16

Health: 0/52       AC:  6    Str: 12    XL:     7   Next: 17%
Magic:  9/9        EV: 13    Int:  5    God:    Qazlal [**....]
Gold:   142        SH:  2    Dex: 22    Spells: 2/6 levels left

rFire   + . .      SeeInvis +   b - +5 dagger of Fae Responsibility {flame, Int-5 Dex+4 SInv}
rCold   + . .      Faith    .   (no shield)
rNeg    . . .      Spirit   .   c - +0 leather armour
rPois   .          Reflect  .   (helmet restricted)
rElec   .          Harm     .   y - +0 cloak
rCorr   .          Rampage  .   (no gloves)
Will    .....                   (no boots)
Stlth   ++........              (no amulet)
HPRegen 0.17/turn               j - ring of protection from cold
MPRegen 0.11/turn               s - ring of protection from fire

@: no status effects
A: antennae 2, slimy green scales 1
a: Renounce Religion, Upheaval


You were on level 4 of the Dungeon.
You worshipped Qazlal.
Qazlal was pleased with you.
You visited 1 branch of the dungeon, and saw 4 of its levels.

You collected 142 gold pieces.

Inventory:

Hand Weapons
 a - a +0 shortbow
 b - the +5 dagger of Fae Responsibility (weapon) {flame, Int-5 Dex+4 SInv}
   (You found it on level 2 of the Dungeon)

   It burns those it strikes, dealing additional fire damage.
   Int:       It affects your intelligence (-5).
   Dex:       It affects your dexterity (+4).
   SInv:      It lets you see invisible.
Armour
 c - a +0 leather armour (worn)
 y - a +0 cloak (worn)
Jewellery
 j - a ring of protection from cold (left hand)
 s - a ring of protection from fire (right hand)
Scrolls
 d - 2 scrolls of magic mapping {unknown}
 e - a scroll of enchant weapon {unknown}
 h - a scroll of summoning {unknown}
 l - 2 scrolls of silence {unknown}
 o - 2 scrolls of immolation
 q - a scroll of enchant armour {unknown}
 r - a scroll of blinking {unknown}
 t - a scroll of torment {unknown}
 u - a scroll of brand weapon {unknown}
 v - a scroll of teleportation {unknown}
 x - a scroll of identify {unknown}
Potions
 f - a potion of invisibility {unknown}
 g - 2 potions of curing
 i - a potion of attraction {unknown}
 k - a potion of flight {unknown}
 m - a potion of heal wounds {unknown}
 n - a potion of might {unknown}
 p - a potion of brilliance {unknown}
 w - a potion of ambrosia {unknown}
 z - a potion of lignification {unknown}


   Skills:
 + Level 3.3 Fighting
 + Level 1.7 Short Blades
 + Level 5.5 Ranged Weapons
 + Level 2.6 Armour
 + Level 2.5 Dodging
 + Level 1.3 Stealth
 * Level 0.2 Spellcasting
 * Level 0.3 Hexes
 * Level 3.3 Invocations


You had 2 spell levels left.
You knew the following spells:

 Your Spells              Type           Power      Damage    Failure   Level
a - Cause Fear            Hex            0%         N/A       99%         4

Your spell library contained the following spells:

 Spells                   Type           Power      Damage    Failure   Level
 Dragon Form              Tmut           0%         N/A       100%        7
 Dragon's Call            Summ           0%         N/A       100%        9


Dungeon Overview and Level Annotations

Branches:
Dungeon (4/15)
 Temple: D:4-7

Altars:
Dithmenos
Qazlal

Annotations:
D:4 Pikel


Innate Abilities, Weirdness & Mutations

You have a pair of antennae on your head.
You are partially covered in slimy green scales. (AC +2)


Message History

You closely miss Pikel.
Pikel is lightly wounded.
Pikel barely misses you.
You barely miss Pikel.
Pikel is lightly wounded.
You barely miss Pikel.
Pikel is lightly wounded.
Pikel hits you with a +1 whip of electrocution.
You barely miss Pikel.
Pikel is lightly wounded.
Pikel misses you.
You barely miss Pikel.
Pikel is lightly wounded.
Pikel hits you with a +1 whip of electrocution.
You miss Pikel.
Pikel is lightly wounded.
Pikel closely misses you.
You puncture Pikel! You burn Pikel.
Pikel is moderately wounded.
Pikel closely misses you.
It was a potion of curing.
You feel better.
Pikel says, "You'll make a fine lemure."
Pikel hits you with a +1 whip of electrocution!
You hit Pikel but do no damage.
Pikel is moderately wounded.
Pikel barely misses you.
You closely miss Pikel.
Pikel is moderately wounded.
Pikel hits you with a +1 whip of electrocution.
* * * LOW HITPOINT WARNING * * *
You hit Pikel.
Pikel is moderately wounded.
Pikel barely misses you.
You hit Pikel.
Pikel is heavily wounded.
Pikel cracks his whip.
Pikel hits you with a +1 whip of electrocution.
* * * LOW HITPOINT WARNING * * *
You are electrocuted!
You die...

### ##.# ##(##
##K### #@#{{###
###{...##
#..#..######
#..#...##..#
##........###
###.5....#..#
.##{.5.......##
....5.........#
..............#


You could see Pikel.

Vanquished Creatures
  Sigmund (D:3)
  Menkaure (D:3)
  A lemure (D:4)
  2 scorpions
  A hound (D:4)
  Crazy Yiuf (D:3)
  Jessica (D:3)
  Ijyb (D:3)
  2 adders
  A gnoll (D:1)
  2 dart slugs
  A ball python (D:1)
  6 endoplasms
  5 giant cockroaches
  4 goblins
  6 hobgoblins
  6 jackals
  2 quokkas
  7 bats
  2 frilled lizards
  5 kobolds (D:1)
  4 rats
62 creatures vanquished.

Vanquished Creatures (others)
  A fungus (D:3)
  8 plants (D:1)
9 creatures vanquished.

Grand Total: 71 creatures vanquished

Notes
Turn   | Place    | Note
-------+----------+-------------------------------------------
     0 | D:1      | gelatine the Demonspawn Hunter began the quest for the Orb.
     0 | D:1      | Reached XP level 1. HP: 16/16 MP: 1/1
   140 | D:1      | Reached skill level 4 in Ranged Weapons
   140 | D:1      | Gained mutation: You have a pair of small antennae on your
                  | head. [demonic ancestry]
   140 | D:1      | Reached XP level 2. HP: 22/22 MP: 2/2
   263 | D:1      | Found a faded altar of an unknown god.
   287 | D:1      | Prayed at the altar of an unknown god.
   287 | D:1      | Became a worshipper of Qazlal Stormbringer
   287 | D:1      | Reached * piety under Qazlal
   479 | D:1      | Gained mutation: You are partially covered in slimy green
                  | scales. (AC +2) [demonic ancestry]
   479 | D:1      | Reached XP level 3. HP: 21/27 MP: 3/3
   902 | D:1      | HP: 1/28 [giant cockroach (1)]
  1265 | D:2      | Found a shadowy altar of Dithmenos.
  1565 | D:2      | Reached ** piety under Qazlal
  1626 | D:2      | Identified the +5 dagger of Fae Responsibility {flame,
                  | Int-5 Dex+4 SInv}
  1661 | D:2      | Reached XP level 4. HP: 34/34 MP: 4/4
  2141 | D:3      | Noticed Ijyb
  2177 | D:3      | Killed Ijyb
  2178 | D:3      | Reached skill level 1 in Armour
  2783 | D:3      | Noticed a scorpion
  2793 | D:3      | Killed a scorpion
  2794 | D:3      | Reached skill level 1 in Stealth
  2794 | D:3      | Reached skill level 1 in Invocations
  2794 | D:3      | Reached XP level 5. HP: 31/39 MP: 5/5
  2875 | D:3      | Noticed Jessica
  2881 | D:3      | Killed Jessica
  2882 | D:3      | Reached skill level 5 in Ranged Weapons
  2929 | D:3      | Noticed Sigmund
  2939 | D:3      | HP: 1/39 [Sigmund/+0 scythe (9)]
  2941 | D:3      | Killed Sigmund
  2942 | D:3      | Reached skill level 1 in Short Blades
  2942 | D:3      | Gained mutation: You have a pair of antennae on your head.
                  | [demonic ancestry]
  2942 | D:3      | Reached XP level 6. HP: 2/47 MP: 7/7
  3394 | D:3      | Found a runed translucent door.
  3395 | D:3      | Noticed Crazy Yiuf
  3401 | D:3      | Killed Crazy Yiuf
  3504 | D:4      | Noticed Menkaure
  3514 | D:3      | Killed Menkaure
  3781 | D:4      | Reached XP level 7. HP: 50/52 MP: 9/9
  3786 | D:4      | Learned a level 4 spell: Cause Fear
  4012 | D:4      | Noticed Pikel
  4052 | D:4      | Slain by Pikel

Illustrated notes

Levels and vault maps discovered:
D:1:      minmay_arrival_checkered_box, layout_loops_ring, serial_glass,
          glass_columns_b, glass_columns_c, glass_columns_b, glass_columns_b,
          glass_columns_c, glass_columns_a, glass_columns_b, glass_columns_b,
          glass_columns_a, glass_columns_a, dreamdust_ecumenical_altar_grove,
          nicolae_grassy_gnolls
D:2:      layout_loops_ring, basic_altar, minmay_stone_trees_small,
          grunt_ministairs_10
D:3:      layout_loops_corners, uniq_jessica, uniq_crazy_yiuf_cottage,
          uniq_sigmund, uniq_ijyb
D:4:      layout_layer_cave, grunt_temple_overflow_diamond,
          minmay_temple_entry_fiery, uniq_menkaure, uniq_edmund, uniq_pikel

Skill      XL: |  1  2  3  4  5  6 |
---------------+-------------------+-----
Ranged Weapons | 4 5 |  5.5
Dodging        | 2 |  2.5
Armour         | 1 2 |  2.6
Stealth        | 1 |  1.3
Invocations    | 1 2 3 |  3.3
Fighting       | 3 |  3.3
Short Blades   | 1 |  1.7
Spellcasting   | |  0.2
Hexes          | |  0.3

Action                   |  1- 3 |  4- 6 |  7- 9 || total
-------------------------+-------+-------+-------++-------
Melee: Shortbow          |    16 |       |       ||    16
       Dagger            |       |    64 |    36 ||   100
       Punch             |       |     1 |     1 ||     2
 Fire: Shortbow          |   124 |    37 |     3 ||   164
  Use: Potion            |     1 |       |     1 ||     2
Armor: Leather armour    |    51 |    23 |     2 ||    76
Dodge: Dodged            |   108 |    37 |    18 ||   163
Block: Other             |    12 |     4 |     3 ||    19
